 Dungeon Sprint DCSS version 0.24-a0-778-g74da537585 (webtiles) character file.

Game seed: 7809482817755660277, levelgen mode: deterministic

2345 Conn the Arsonist (level 9, -5/46 HPs)
             Began as a Deep Elf Fire Elementalist on Oct 6, 2019.
             Was an Elder of Sif Muna.
             Killed by angry trees
             ... awakened by a spriggan druid
              (11 damage)
             ... in the Dungeon (Sprint IV: "Fedhas' Mad Dash").
             The game lasted 00:16:51 (2377 turns).

Conn the Arsonist (Deep Elf Fire Elementalist)      Turns: 2377, Time: 00:16:52

Health: -5/46      AC:  2    Str:  5    XL:     9   Next: 20%
Magic:  27/27      EV: 16    Int: 24    God:    Sif Muna [****..]
Gold:   78         SH:  0    Dex: 15    Spells: 4/33 levels left

rFire    . . .     SeeInvis .   c - +4 dagger (vamp)
rCold    . . .     Gourm    .   (no shield)
rNeg     . . .     Faith    .   a - +0 robe
rPois    .         Spirit   .   (no helmet)
rElec    .         Reflect  .   (no cloak)
rCorr    .         Harm     .   (no gloves)
MR       .....     NoTele   +   (no boots)
Stlth    +++.......             h - amulet of invisibility {+Inv}
HPRegen  0.15/turn              (no ring)
MPRegen  0.20/turn              (no ring)

@: fainting
A: no striking features
a: Channel Magic, Forget Spell, Divine Exegesis, Renounce Religion, Evoke
Invisibility


You were in the Dungeon.
You worshipped Sif Muna.
Sif Muna was greatly pleased with you.
You were fainting.

You visited 1 branch You collected 166 gold pieces.
You spent 88 gold pieces at shops.

Inventory:

Hand Weapons
 c - a +4 vampiric dagger (weapon)
 l - a +0 rapier
Missiles
 k - 11 poisoned darts (quivered)
Armour
 a - a +0 robe (worn)
 n - the +1 robe "Lianipou" {-Cast rC+ Str+2 Int+4}
   (You found it in the Dungeon)

   It affects your strength (+2).
   It affects your intelligence (+4).
   It protects you from cold.
   It prevents spellcasting.
Jewellery
 h - the amulet of invisibility (around neck) {+Inv}
   (You found it in the Dungeon)

   [amulet of nothing]

   It lets you turn invisible.
Scrolls
 i - a scroll of blinking
 j - a scroll of identify {unknown}
Potions
 b - a potion of mutation {unknown}
 d - 2 potions of curing
 e - 2 potions of heal wounds
 f - a potion of haste
 g - a potion of magic
Miscellaneous
 m - a box of beasts


   Skills:
 + Level 0.8 Fighting
 + Level 2.6 Throwing
 + Level 6.9 Dodging
 + Level 6.8 Stealth
 + Level 12.9 Spellcasting
 + Level 9.4 Conjurations
 * Level 5.8 Summonings
 + Level 13.4 Fire Magic
 + Level 6.0 Evocations


You had 4 spell levels left.
You knew the following spells:

 Your Spells              Type           Power        Failure   Level  Hunger
a - Flame Tongue          Conj/Fire      #####        1%          1    None
b - Conjure Flame         Conj/Fire      ######..     1%          3    None
c - Inner Flame           Hex/Fire       #####...     1%          3    None
d - Sticky Flame          Conj/Fire      ######..     1%          4    None
e - Fireball              Conj/Fire      ######....   1%          5    ###....
f - Summon Forest         Summ/Tloc      ####......   32%         5    ###....
g - Recall                Summ/Tloc      N/A          3%          3    None
h - Summon Demon          Summ           #####.....   10%         5    ###....

Your spell library contained the following spells:

 Spells                   Type           Power        Failure   Level  Hunger
 Searing Ray              Conj           ######       1%          2    None
 Throw Flame              Conj/Fire      ######       1%          2    None
 Dazzling Spray           Conj/Hex       #####.       1%          3    None
 Mephitic Cloud           Conj/Pois/Air  ####....     3%          3    None
 Fulminant Prism          Conj/Hex       #####.....   5%          4    None
 Passwall                 Tmut/Erth      ###.....     6%          2    None
 Aura of Abjuration       Summ           #####.....   10%         5    ###....
 Lightning Bolt           Conj/Air       #####.....   16%         5    ###....
 Summon Mana Viper        Hex/Summ       ####....     32%         5    ###....
 Shadow Creatures         Summ           N/A          50%         6    #####..
 Chain Lightning          Conj/Air       #####.....   100%        8    #######


Dungeon Overview and Level Annotations

Branches:
Dungeon (1/1)

Altars:
Cheibriados
Dithmenos
Elyvilon
Gozag
Hepliaklqana
Kikubaaqudgha
Makhleb
Nemelex Xobeh
Okawaru
Qazlal
Ru
Sif Muna
Trog
Uskayaw
Vehumet
Wu Jian
Xom
Yredelemnul
Zin
The Shining One
Beogh
Jiyva
Lugonu

Shops:
D *!**


Message History

The stone arrow hits you!!
Ouch! That really hurt!
Unknown command.
You miss the spriggan druid.
The spriggan druid is heavily wounded.
The spriggan druid misses you.
You hit the spriggan druid but do no damage.
The spriggan druid is heavily wounded.
The spriggan druid gestures wildly while chanting.
The forest starts to sway and rumble!
You hit the spriggan druid.
You feel better.
The spriggan druid is heavily wounded.
You are hit by a branch!!
* * * LOW HITPOINT WARNING * * *
The spriggan druid closely misses you.
Unknown command.
You miss the spriggan druid.
The spriggan druid is heavily wounded.
You are hit by a branch!
You die...

...'.#...'.._._._._._..'.)#...#..
...#.#...#..._._._._...#..###'##.
#######'##.._._._._._..#..##∩∩.'.
.....'...#._._._._._.⌠.##########
.....#...###############
.♣..######♣♣♣♣♣..♣(#
######..'......♣..♣#
'.......#♣..♣♣♣.♣i.#
#.......#.♣♣..♣.@$♣ ##########
########


You could see a spriggan druid.

Vanquished Creatures
  An oklob plant (D)
  2 wandering mushrooms (D)
  2 burning bushes (D)
  A queen bee (D)
  2 scorpions (D)
  4 killer bees (D)
  4 oklob saplings (D)
  A worker ant (D)
  2 spriggans (D)
  A river rat (D)
  A rat (D)
21 creatures vanquished.

Vanquished Creatures (collateral kills)
  An oklob plant (D)
  A burning bush (D)
  A wandering mushroom (D)
  An oklob sapling (D)
4 creatures vanquished.

Grand Total: 25 creatures vanquished

Notes
Turn   | Place    | Note
-------+----------+-------------------------------------------
     0 | D        | Conn the Deep Elf Fire Elementalist began the quest for the
                  | Orb.
     0 | D        | Reached XP level 1. HP: 10/10 MP: 6/6
    11 | D        | Reached skill level 4 in Fire Magic
    11 | D        | Reached XP level 2. HP: 15/15 MP: 1/8
    80 | D        | Noticed an oklob sapling
    87 | D        | Killed an oklob sapling
    87 | D        | Reached skill level 6 in Fire Magic
    87 | D        | Reached XP level 3. HP: 19/19 MP: 9/11
    90 | D        | Found the amulet of invisibility {+Inv}
    95 | D        | Reached skill level 5 in Spellcasting
   313 | D        | Found an opulent altar of Gozag.
   313 | D        | Found a hazy altar of Hepliaklqana.
   313 | D        | Found a burning altar of Makhleb.
   313 | D        | Found a roughly hewn altar of Beogh.
   313 | D        | Found a sparkling altar of Nemelex Xobeh.
   313 | D        | Found a snail-covered altar of Cheibriados.
   313 | D        | Found a sacrificial altar of Ru.
   313 | D        | Found a shimmering blue altar of Sif Muna.
   313 | D        | Found a shimmering altar of Xom.
   313 | D        | Found a basalt altar of Yredelemnul.
   314 | D        | Found a viscous altar of Jiyva.
   314 | D        | Found a bloodstained altar of Trog.
   314 | D        | Found an ornate altar of the Wu Jian Council.
   314 | D        | Noticed an oklob sapling priest
   315 | D        | Found an iron altar of Okawaru.
   315 | D        | Found a glowing silver altar of Zin.
   315 | D        | Found a shadowy altar of Dithmenos.
   316 | D        | Found a hide-covered altar of Uskayaw.
   316 | D        | Found an ancient bone altar of Kikubaaqudgha.
   317 | D        | Found a glowing golden altar of the Shining One.
   317 | D        | Found a stormy altar of Qazlal.
   317 | D        | Found a white marble altar of Elyvilon.
   318 | D        | Found a radiant altar of Vehumet.
   318 | D        | Found a corrupted altar of Lugonu.
   320 | D        | Became a worshipper of Sif Muna the Loreminder
   325 | D        | Killed an oklob sapling priest
   325 | D        | Reached skill level 7 in Fire Magic
   325 | D        | Reached XP level 4. HP: 24/24 MP: 5/14
   395 | D        | Learned a level 3 spell: Conjure Flame
   399 | D        | Learned a level 3 spell: Inner Flame
   404 | D        | Learned a level 4 spell: Sticky Flame
   493 | D        | Reached skill level 8 in Fire Magic
   493 | D        | Reached skill level 1 in Evocations
   493 | D        | Reached XP level 5. HP: 28/28 MP: 8/16
   573 | D        | Reached * piety under Sif Muna
   573 | D        | Reached skill level 5 in Dodging
   574 | D        | Reached skill level 9 in Fire Magic
   578 | D        | Reached skill level 5 in Stealth
   852 | D        | Found Keeb's Distillery.
   853 | D        | Found Lilynuit's Assorted Antiques.
   857 | D        | Bought a potion of heal wounds for 55 gold pieces
   857 | D        | Bought a potion of curing for 33 gold pieces
   866 | D        | Learned a level 5 spell: Fireball
   866 | D        | Noticed a burning bush
   866 | D        | Noticed a wandering mushroom
   873 | D        | Reached ** piety under Sif Muna
   873 | D        | Reached skill level 10 in Fire Magic
   873 | D        | Reached XP level 6. HP: 32/32 MP: 7/19
   881 | D        | Killed a wandering mushroom
   881 | D        | Reached skill level 5 in Conjurations
   881 | D        | Reached skill level 11 in Fire Magic
   881 | D        | Reached XP level 7. HP: 19/36 MP: 3/21
  1016 | D        | Noticed a wandering mushroom
  1029 | D        | Killed a wandering mushroom
  1029 | D        | Reached skill level 1 in Throwing
  1131 | D        | Killed a burning bush
  1131 | D        | Reached skill level 10 in Spellcasting
  1131 | D        | Reached skill level 12 in Fire Magic
  1144 | D        | Found Zaqegemo's Assorted Antiques.
  1145 | D        | Found Idisud's Assorted Antiques.
  1396 | D        | Learned a level 5 spell: Summon Forest
  1431 | D        | Noticed a queen bee
  1432 | D        | Reached *** piety under Sif Muna
  1432 | D        | Reached skill level 5 in Evocations
  1432 | D        | Reached skill level 1 in Summonings
  1432 | D        | Reached XP level 8. HP: 42/42 MP: 18/24
  1433 | D        | Killed a queen bee
  1434 | D        | Reached **** piety under Sif Muna
  1529 | D        | Noticed a burning bush
  1580 | D        | Killed a burning bush
  1601 | D        | Noticed an oklob plant
  1721 | D        | Killed an oklob plant
  1721 | D        | Reached skill level 13 in Fire Magic
  1855 | D        | Learned a level 3 spell: Recall
  1861 | D        | Learned a level 5 spell: Summon Demon
  1861 | D        | Noticed a burning bush
  1861 | D        | Noticed an oklob plant
  1879 | D        | Killed a burning bush
  1879 | D        | Reached skill level 5 in Summonings
  1879 | D        | Reached XP level 9. HP: 46/46 MP: 9/27
  1886 | D        | Noticed a wandering mushroom
  1888 | D        | HP: 2/46 [acid (12)]
  2192 | D        | Killed a wandering mushroom
  2197 | D        | Killed an oklob plant
  2199 | D        | Reached ***** piety under Sif Muna
  2199 | D        | Identified Ilit's Volume of Shifting Attacks (Sif Muna
                  | gifted it to you in the Dungeon)
  2199 | D        | Received a gift from Sif Muna
  2336 | D        | Got a warped robe
  2347 | D        | Identified the +1 robe "Lianipou" {-Cast rC+ Str+2 Int+4}
                  | (You found it in the Dungeon)
  2361 | D        | Paralysed by fainting for 9 turns
  2371 | D        | Noticed a spriggan druid
  2377 | D        | Killed from afar by a spriggan druid

Levels and vault maps discovered:
D:        dungeon_sprint_fedhas [sprint_temple]

Skill      XL: |  1  2  3  4  5  6  7  8  9 |
---------------+----------------------------+-----
Dodging        | 3 4 5 6 |  6.9
Fire Magic     | 4 6 7 8 10 11 12 13 | 13.4
Stealth        | 3 4 5 6 |  6.8
Spellcasting   | 4 6 8 9 10 12 | 12.9
Conjurations   | 2 3 5 7 9 |  9.4
Evocations     | 1 2 3 5 6 |  6.0
Throwing       | 1 2 |  2.6
Summonings     | 1 5 |  5.8
Fighting       | |  0.8

Action                   |  1- 3 |  4- 6 |  7- 9 || total
-------------------------+-------+-------+-------++-------
Melee: Unarmed           |     9 |       |       ||     9
       Rapier            |       |       |     1 ||     1
       Dagger            |       |       |     6 ||     6
Throw: Dart              |       |     3 |     2 ||     5
 Cast: Flame Tongue      |     8 |    10 |    10 ||    28
       Sticky Flame      |       |     3 |     2 ||     5
       Fireball          |       |     2 |    25 ||    27
       Summon Demon      |       |       |     3 ||     3
 Abil: Evoke Invisibilit |     1 |     1 |     1 ||     3
  Use: Potion            |     1 |       |     2 ||     3
       Scroll            |     1 |       |       ||     1
 Stab: Sleeping          |       |       |     2 ||     2
  Eat: Chunk             |       |     1 |       ||     1
       Ration            |       |       |     2 ||     2
Dodge: Dodged            |     2 |     1 |     6 ||     9

Table legend:
 A = Non-vault XP
 B = Vault XP
 C = Vault XP percentage of total XP
 D = Non-vault monster count
 E = Vault monster count
 F = Vault count percentage of total count
                 A         B        C        D         E       F
            +---------+---------+-------+---------+---------+-------
      Total |       0 |    3351 | 100.0 |       0 |      25 | 100.0
            +---------+---------+-------+---------+---------+-------
          D |       0 |    3351 | 100.0 |       0 |      25 | 100.0
            +---------+---------+-------+---------+---------+-------
